 Dungeon Crawl Stone Soup version 0.18-a0-1350-g404b4cb (webtiles) character file.

5663 Duffy the Arsonist (level 10, -5/69 HPs)
             Began as a Demigod Fire Elementalist on Feb 18, 2016.
             Slain by a wight
             ... wielding a +1 falchion
              (6 damage)
             ... on level 9 of the Dungeon.
             The game lasted 00:14:00 (10073 turns).

Duffy the Arsonist (Demigod Fire Elementalist)     Turns: 10073, Time: 00:14:00

Health: -5/69      AC:  7    Str: 16    XL:     10   Next: 23%
Magic:  23/23      EV: 12    Int: 25    God:
Gold:   420        SH:  0    Dex: 14    Spells: 4 memorised, 8 levels left

rFire  . . .     SeeInvis +     t - staff of poison
rCold  . . .     Gourm    .     a - +0 robe
rNeg   . . .     Faith    .     (no shield)
rPois  +         Spirit   .     (no helmet)
rElec  +         Dismiss  .     d - +0 cloak
rCorr  .         Reflect  .     (no gloves)
SustAt +         Harm     .     (no boots)
MR     +....                    E - amulet of rage
Stlth  +.........               L - ring of loudness (curse)
                                N - ring "Durompei" {rElec AC+4 Str+5 Dex-2 SInv}

@: drained, somewhat resistant to hostile enchantments, very unstealthy
A: high mp 1, sustain attributes
a: Evoke Berserk Rage


You were on level 9 of the Dungeon.
You were not hungry.

You visited 1 branch of the dungeon, and saw 10 of its levels.

You collected 540 gold pieces.
You spent 120 gold pieces at shops.


Innate Abilities, Weirdness & Mutations

You have an increased reservoir of magic (+10% MP).
Your attributes are resistant to harm.


   Skills:
 - Level 1.7(1.2) Dodging
 - Level 1.7(1.1) Stealth
 + Level 6.3(5.7) Spellcasting
 * Level 9.2(8.5) Conjurations
 * Level 9.4(8.6) Fire Magic


You had 8 spell levels left.
You knew the following spells:

 Your Spells              Type           Power        Failure   Level  Hunger
a - Flame Tongue          Conj/Fire      #####        1%          1    None
j - Sticky Flame          Conj/Fire      ######..     1%          4    ###....
k - Fireball              Conj/Fire      ######....   8%          5    #####..
l - Conjure Flame         Conj/Fire      ######..     1%          3    #......

Inventory:

Missiles
 u - 54 poisoned needles
Armour
 a - a +0 robe (worn)
 d - a +0 cloak (worn)
 k - a cursed +0 ring mail
Magical Staves
 t - an uncursed staff of poison (weapon)
Jewellery
 e - an uncursed ring of magical power
 s - an uncursed ring of resist corrosion
 E - an amulet of rage (around neck)
 L - a cursed ring of loudness (right hand)
 N - the ring "Durompei" (left hand) {rElec AC+4 Str+5 Dex-2 SInv}

   [ring of protection]

   It affects your AC (+4).
   It affects your strength (+5).
   It affects your dexterity (-2).
   It insulates you from electricity.
   It lets you see invisible.
Wands
 z - a wand of iceblast (6/15)
 C - a wand of hasting (3/9)
Scrolls
 g - 3 scrolls of random uselessness
 h - a scroll of enchant weapon {unknown}
 j - 12 scrolls of identify
 l - 7 scrolls of teleportation
 o - 2 scrolls of amnesia {unknown}
 q - 3 scrolls of immolation {unknown}
 w - 2 scrolls of remove curse {unknown}
 y - 2 scrolls of noise {unknown}
 D - 4 scrolls of magic mapping {unknown}
 H - a scroll of enchant armour {unknown}
 J - a scroll of fog {unknown}
 O - a scroll of summoning {unknown}
Potions
 i - 2 potions of ambrosia {unknown}
 p - 2 potions of cure mutation {unknown}
 r - a potion of brilliance {unknown}
 x - 2 potions of curing {unknown}
 A - a potion of haste {unknown}
 B - 2 potions of flight {unknown}
 F - 2 potions of resistance {unknown}
 G - a potion of might {unknown}
 K - a potion of lignification {unknown}
Books
 b - a book of Flames
 v - a book of Flames
Miscellaneous
 M - a lamp of fire
Comestibles
 c - 6 bread rations
 f - 4 meat rations
 m - 3 beef jerkies
 n - 3 fruits
 I - 8 slices of pizza

Dungeon Overview and Level Annotations

Branches:
Dungeon (10/15)            Temple (0/1) D:4            Lair (0/8) D:9
    Orc: D:9-12

Shops:
D:5 [   D:8 }?


Message History

You barely miss the quasit.
The quasit is lightly wounded.
The quasit bites you but does no damage.
The quasit barely misses you.
The quasit claws you but does no damage.
The wight barely misses you. The quasit barely misses you.
The quasit claws you but does no damage. x2
You closely miss the quasit.
The quasit is lightly wounded.
The quasit bites you.
You feel clumsy for a moment. The quasit barely misses you.
The quasit completely misses you. The wight hits you but does no damage.
A yak comes into view.
You miss the quasit.
The quasit is lightly wounded.
The yak bellows!
You hear a bellow! x2
The quasit barely misses you.
The quasit claws you but does no damage. x2
The wight hits you but does no damage.
The quasit bites you but does no damage.
The quasit barely misses you. The quasit closely misses you.
You barely miss the quasit.
The quasit is lightly wounded.
The wight barely misses you.
The quasit bites you but does no damage.
The quasit claws you.
You feel clumsy for a moment. The quasit closely misses you.
An adder comes into view.
You hit the quasit.
The quasit is lightly wounded.
The adder moves out of view.
The quasit barely misses you.
The quasit claws you but does no damage.
The quasit barely misses you.
The wight hits you with an enchanted falchion.
You die... #..........## ..# #.......#.... #.# #.#....###### ... ##.### # #.# #.# ## ##.# #.# #.
YY#

##'## ###. #5# ##...##
#... # ###@#
##.....###... ##.#z#z#
##.>.....##...
#..>..z###....<....###.
#.5..5...'.........+...
#.#....###...>...(.####
# ##.#.# ##.......## #
.....# #.........#
##.#### #.##...##.# #.
#.###+###(#


You could see 2 yaks, 2 wights, a quasit and a crimson imp.

Action                   |  1- 3 |  4- 6 |  7- 9 | 10-12 || total
-------------------------+-------+-------+-------+-------++-------
Melee: Staff             |       |       |       |    24 ||    24
 Cast: Flame Tongue      |    73 |   143 |   295 |    42 ||   553
       Sticky Flame      |       |     3 |    14 |     1 ||    18
       Conjure Flame     |       |       |    19 |     8 ||    27
  Use: Scroll            |       |       |     1 |       ||     1
  Eat: Chunk             |     2 |     7 |    19 |     2 ||    30
       Pizza             |       |       |     1 |       ||     1

Notes
Turn   | Place    | Note
--------------------------------------------------------------
     0 | D:1      | Duffy the Demigod Fire Elementalist began the quest for the Orb.
     0 | D:1      | Reached XP level 1. HP: 14/14 MP: 5/5
   114 | D:2      | Reached skill level 1 in Conjurations
   296 | D:1      | Reached skill level 2 in Conjurations
   296 | D:1      | Reached XP level 2. HP: 20/20 MP: 5/7
   765 | D:1      | Reached skill level 2 in Spellcasting
  1182 | D:2      | Reached XP level 3. HP: 26/26 MP: 8/8
  1247 | D:2      | Found a basalt altar of Yredelemnul.
  1268 | D:2      | Learned a level 3 spell: Conjure Flame
  1377 | D:2      | Noticed Ijyb
  1403 | D:2      | Killed Ijyb
  1403 | D:2      | Reached skill level 3 in Conjurations
  1403 | D:2      | Reached XP level 4. HP: 17/33 MP: 6/10
  1576 | D:2      | Found a blossoming altar of Fedhas.
  1594 | D:2      | Reached skill level 3 in Fire Magic
  1697 | D:2      | Found a faded altar to an unknown god.
  2039 | D:2      | Found an iron altar of Okawaru.
  2212 | D:3      | Noticed Jessica
  2215 | D:3      | Killed Jessica
  2382 | D:3      | Reached XP level 5. HP: 27/38 MP: 5/11
  2588 | D:3      | Learned a level 4 spell: Sticky Flame
  2829 | D:3      | Reached skill level 3 in Spellcasting
  2829 | D:3      | Reached skill level 4 in Fire Magic
  3486 | D:4      | Reached XP level 6. HP: 45/45 MP: 13/13
  3538 | D:4      | Found a staircase to the Ecumenical Temple.
  3543 | D:4      | Reached skill level 4 in Conjurations
  3629 | D:4      | Noticed Sigmund
  3640 | D:4      | Killed Sigmund
  3778 | D:5      | Entered Level 5 of the Dungeon
  3781 | D:5      | Noticed Pikel
  3797 | D:5      | Killed Pikel
  3797 | D:5      | Reached skill level 5 in Conjurations
  3797 | D:5      | Reached skill level 5 in Fire Magic
  3797 | D:5      | Reached XP level 7. HP: 10/50 MP: 12/16
  4158 | D:5      | Found Ykiaxoha's Armour Boutique.
  4866 | D:5      | Reached skill level 4 in Spellcasting
  4903 | D:6      | Found a burning altar of Makhleb.
  5041 | D:6      | Found a stormy altar of Qazlal.
  5152 | D:6      | Reached skill level 6 in Conjurations
  5152 | D:6      | Reached skill level 6 in Fire Magic
  5152 | D:6      | Reached XP level 8. HP: 20/57 MP: 7/17
  5833 | D:6      | Learned a level 5 spell: Fireball
  5879 | D:7      | Found a sacrificial altar of Ru.
  6008 | D:7      | Noticed Prince Ribbit
  6014 | D:7      | Killed Prince Ribbit
  6066 | D:7      | Found a blossoming altar of Fedhas.
  6251 | D:7      | Found a shadowy altar of Dithmenos.
  6251 | D:7      | Found an opulent altar of Gozag.
  6258 | D:7      | Reached skill level 7 in Conjurations
  6379 | D:7      | Reached skill level 7 in Fire Magic
  6836 | D:7      | Reached skill level 5 in Spellcasting
  6836 | D:7      | Reached XP level 9. HP: 62/62 MP: 16/20
  7401 | D:7      | Reached skill level 8 in Conjurations
  7401 | D:7      | Reached skill level 8 in Fire Magic
  7646 | D:8      | Found Peorgh Le Her's Gadget Shoppe.
  7906 | D:8      | Found Gamozyh's Magic Scroll Shop.
  7909 | D:8      | Bought a scroll of identify for 24 gold pieces
  7909 | D:8      | Bought a scroll of identify for 24 gold pieces
  7909 | D:8      | Bought a scroll of identify for 24 gold pieces
  7909 | D:8      | Bought a scroll of random uselessness for 12 gold pieces
  7909 | D:8      | Bought a scroll of teleportation for 36 gold pieces
  7921 | D:8      | Found a sparkling altar of Nemelex Xobeh.
  8972 | D:9      | Found a glowing silver altar of Zin.
  8988 | D:9      | Found a shimmering altar of Xom.
  9077 | D:9      | Found a glowing golden altar of the Shining One.
  9092 | D:9      | Reached skill level 6 in Spellcasting
  9150 | D:9      | Found a staircase to the Lair.
  9515 | D:9      | Reached XP level 10. HP: 69/69 MP: 23/23
  9552 | D:9      | Reached skill level 9 in Fire Magic
  9553 | D:9      | Reached skill level 9 in Conjurations
  9950 | D:10     | Entered Level 10 of the Dungeon
 10031 | D:10     | Got a vibrating glass ring
 10033 | D:10     | Identified the ring "Durompei" {rElec AC+4 Str+5 Dex-2 SInv} (You found it on level 10 of the Dungeon)
 10073 | D:9      | Slain by a wight

Vault maps used:
D:1:      dpeg_arrival_castle, minmay_box_of_dots
D:2:      marbit_many_paths, overflow_temple_1_default, ecumenical_altar_1,
          first_bread, fedhas_altar_3, uniq_iyjb
D:3:      minmay_bisected, uniq_jessica
D:4:      minmay_goblin_kobold_castle, lightli_temple_of_fire,
          grunt_pakellas_basics, minmay_temple_entry_from_below_a,
          minmay_parallelograms, uniq_sigmund, uniq_robin
D:5:      serial_shops, nicolae_shop_behind_doors, amethyst_killhole,
          grunt_decor_cap, uniq_pikel
D:6:      makhleb_blood_cavern_becter, nicolae_overflow_hidden_temple
D:7:      kennysheep_little_box, gammafunk_temple_overflow_wave, serial_glass,
          glass_columns_a, glass_columns_a, glass_columns_c, glass_columns_c,
          glass_columns_a, glass_columns_a, basic_altar, grunt_livestock,
          uniq_prince_ribbit1
D:8:      old_standard_altar, serial_shops, nicolae_shop_behind_doors,
          kennysheep_mini, minmay_joined_circles
D:9:      lemuel_crystal_altar, lemuel_round_altar,
          grunt_lair_entry_orc_guard_hut, xom_teletrap_fun

Vanquished Creatures
  Pikel Prince Ribbit
  A troll Sigmund
  A hog
  6 yaks
  2 wyverns
  A human
  A hungry ghost
  A hippogriff
  2 ice beasts
  3 sky beasts
  A slave
  3 black bears
  A necrophage
  3 orc warriors
  A phantom
  4 ogres
  A crocodile
  2 big kobolds
  3 giant frogs
  2 scorpions
  4 jellies
  A giant frog zombie
  A hound
  An orc priest
  A giant frog skeleton Jessica Ijyb
  3 iguanas
  3 orc wizards
  A worker ant
  3 sheep
  A killer bee zombie
  3 hound skeletons
  2 hound zombies
  2 worker ant zombies
  9 adders
  2 river rats
  2 shadow imps
  3 adder zombies
  2 adder skeletons
  2 worms
  4 giant geckos
  16 orcs
  3 giant cockroaches
  16 hobgoblins
  26 jackals
  22 kobolds
  3 quokkas
  A ball python
  15 bats
  2 giant gecko skeletons
  7 giant newts
  6 goblins
  A quokka skeleton
  18 rats
  3 fungi
233 creatures vanquished.
